[Event "Late-Titled-Tuesday-Blitz-October-10-2023"]
[Site "Chess.com"]
[Date "2023.10.10"]
[Round "11"]
[White "Horokoskii"]
[Black "SEBAZZANO"]
[Result "1/2-1/2"]
[WhiteElo "2116"]
[BlackElo "2243"]
[TimeControl "180+1"]
[EndTime "16:00:07 PDT"]
[Termination "Game drawn by repetition"]

1. c4 Nf6 2. Nc3 c5 3. e4 Nc6 4. Nf3 d6 5. d4 cxd4 6. Nxd4 g6 7. Be3 Bg7 8. Be2 O-O 9. O-O Bd7 10. f4 Nxd4 11.
Bxd4 Bc6 12. Bf3 a6 13. Qe2 Nd7 14. Bxg7 Kxg7 15. Rad1 Qa5 16. Kh1 Rac8 17. a3 Rfd8 18. Nd5 Bxd5 19. exd5 Re8 20. Qd3 Qc5 21. Rc1 Nf6 22. f5 a5 23. fxg6 hxg6 24. g4 Rh8 25.
g5 Nh5 26. Bg2 b5 27. b3 bxc4 28. bxc4 Rh7 29. Rf3 Rch8 30. h3 f6 31. Qe4 Qc7 32. Re1 Re8 33. Qe6 Qc8 34. gxf6+ Nxf6 35. Rxf6 exf6 36.
Qxe8 Rxh3+ 37. Bxh3 Qxh3+ 38. Kg1 Qg3+ 39. Kf1 Qf3+ 40.
Kg1 Qg3+ 41. Kf1 Qf3+ 42. Kg1 Qg3+ 1/2-1/2

[Event "Late-Titled-Tuesday-Blitz-October-10-2023"]
[Site "Chess.com"]
[Date "2023.10.10"]
[Round "11"]
[White "venturov"]
[Black "FM_Kappeler"]
[Result "1-0"]
[WhiteElo "2424"]
[BlackElo "2300"]
[TimeControl "180+1"]
[EndTime "16:00:08 PDT"]
[Termination "venturov won by checkmate"]

1. e4 c5 2. Nf3 e6 3. b4 cxb4 4. a3 d5 5. e5 Nc6 6. axb4 Bxb4 7. c3 Be7 8. d4 Nh6 9. Bxh6 gxh6 10. Bd3 b6 11.
Qd2 Rg8 12. g3 Bg5 13. Qe2 h5 14. h4 Bh6 15. Na3 Bd7 16. Nb5 Qe7 17. Nc7+ Kd8 18. Nxa8 Kc8 19. Qa2 Kb7 20. Nxb6 axb6 21. Qa6+ Kc7 22.
Rb1 Rb8 23. O-O f6 24. exf6 Qxf6 25. Ne5 Nxe5 26. dxe5 Qxe5 27. c4 Be3 28. Kg2 Bc6 29. fxe3 dxc4+ 30. e4 cxd3 31. Rf7+ Kd8 32. Rf8+ Ke7 33.
Qa3+ Kd7 34. Rf7+ Kc8 35. Qf8+ Be8 36. Qxe8# 1-0

[Event "Late-Titled-Tuesday-Blitz-October-10-2023"]
[Site "Chess.com"]
[Date "2023.10.10"]
[Round "11"]
[White "jguerramzllo"]
[Black "Inepton_Fermion"]
[Result "1-0"]
[WhiteElo "2589"]
[BlackElo "2383"]
[TimeControl "180+1"]
[EndTime "16:00:11 PDT"]
[Termination "jguerramzllo won on time"]

1. e4 c5 2. Nf3 e6 3. d4 cxd4 4. Nxd4 Nc6 5. Nc3 Qc7 6. Be3 a6 7. Be2 Nf6 8. a3 Be7 9. f4 d6 10.
Qd3 O-O 11. O-O-O Bd7 12. g4 Nxd4 13. Bxd4 e5 14. Be3 exf4 15. Bxf4 Bc6 16. g5 Nd7 17. Bxd6 Bxd6 18. Qxd6 Qxd6 19. Rxd6 Nc5 20. b4 Ne6 21. h4 Rad8 22. Rhd1 Rxd6 23. Rxd6 Re8 24. Bxa6 h6 25. gxh6 gxh6 26. Bd3 Nf4 27. b5 Nxd3+ 28. cxd3 1-0

[Event "Late-Titled-Tuesday-Blitz-October-10-2023"]
[Site "Chess.com"]
[Date "2023.10.10"]
[Round "11"]
[White "GMJustin"]
[Black "isainz"]
[Result "0-1"]
[WhiteElo "2167"]
[BlackElo "2033"]
[TimeControl "180+1"]
[EndTime "16:00:11 PDT"]
[Termination "isainz won on time"]

1. d4 d5 2. c4 e6 3. Nc3 a6 4. cxd5 exd5 5. Nf3 Nf6 6. Qb3 Ra7 7. Bg5 Be6 8. Bxf6 Qxf6 9. Nxd5 Qd8 10. e4 c6 11.
Qb6 cxd5 12. Qxa7 Bb4+ 13. Nd2 dxe4 14. d5 Bxd2+ 15. Kxd2 Qxd5+ 16. Ke3 Nc6 17. Qb6 O-O 18. h4 Rd8 19. Kf4 Qd6+ 20. Ke3 Qd2+ 21. Kxe4 Qd5+ 22. Ke3 Qe5+ 23. Kf3 Nd4+ 0-1

[Event "Late-Titled-Tuesday-Blitz-October-10-2023"]
[Site "Chess.com"]
[Date "2023.10.10"]
[Round "11"]
[White "Aygehovit1992"]
[Black "GMKrikor"]
[Result "0-1"]
[WhiteElo "2688"]
[BlackElo "2799"]
[TimeControl "180+1"]
[EndTime "16:00:14 PDT"]
[Termination "GMKrikor won by resignation"]

1. e4 e6 2. d4 d5 3. Nc3 Nf6 4. e5 Nfd7 5. f4 c5 6. Nf3 Nc6 7. Be3 a6 8. Qd2 b5 9. Nd1 b4 10. c3 a5 11. Nf2 a4 12. Bb5 Qb6 13. c4 dxc4 14. Bxc4 Ba6 15. Bxa6 Qxa6 16. d5 Na5 17. dxe6 Qxe6 18. Ng5 Qc6 19. O-O Nc4 20. Qe2 Nxe3 21. Qxe3 Be7 22. Nxf7 Kxf7 23. Rae1 Ke8 24. f5 c4 25. f6 Bc5 26. Qg5 gxf6 27. exf6+ Kd8 28. Kh1 Kc7 29. Ne4 Rae8 30. f7 Rxe4 0-1

[Event "Late-Titled-Tuesday-Blitz-October-10-2023"]
[Site "Chess.com"]
[Date "2023.10.10"]
[Round "11"]
[White "DanielNaroditsky"]
[Black "ChristopherYoo"]
[Result "1-0"]
[WhiteElo "3172"]
[BlackElo "3021"]
[TimeControl "180+1"]
[EndTime "16:00:15 PDT"]
[Termination "DanielNaroditsky won by resignation"]

1. e4 c5 2. Nf3 Nc6 3. Bb5 g6 4. O-O Bg7 5. c3 e5 6. d4 cxd4 7. cxd4 exd4 8. Na3 Nge7 9. Bf4 d5 10. exd5 Qxd5 11. Bc4 Qd7 12. Nb5 O-O 13. Nc7 Rb8 14. Nb5 Ra8 15. Re1 Nf5 16. Nc7 Rb8 17. Nd5 Ra8 18.
Rc1 Na5 19. Ne5 Qd8 20. Nxf7 Rxf7 21. Bc7 Rxc7 22. Nxc7+ Nxc4 23. Rxc4 Nd6 24. Qb3 Kh8 25. Nxa8 Nxc4 26. Qxc4 d3 27. Qf7 Bd7 28. Re7 Qf8 29. Qxf8+ Bxf8 30. Rxd7 1-0

[Event "Late-Titled-Tuesday-Blitz-October-10-2023"]
[Site "Chess.com"]
[Date "2023.10.10"]
[Round "11"]
[White "nicholas_ilic"]
[Black "kreonx"]
[Result "0-1"]
[WhiteElo "2327"]
[BlackElo "2490"]
[TimeControl "180+1"]
[EndTime "16:00:15 PDT"]
[Termination "kreonx won by checkmate"]

1. e4 c6 2. d4 d5 3. e5 c5 4. dxc5 e6 5. a3 Bxc5 6. Nf3 Ne7 7. b4 Bb6 8. Bb2 Ng6 9. Bd3 a5 10. O-O axb4 11. axb4 Rxa1 12. Bxa1 O-O 13. g3 Qc7 14. b5 Nd7 15. Re1 Nc5 16. Nbd2 Nxd3 17. cxd3 Bd7 18. Qb3 Rc8 19. Bd4 Ba5 20. Ra1 b6 21.
Qa3 Bxb5 22. Rb1 Ba6 23. Nb3 Qc2 24. Rc1 Qxd3 25. Rxc8+ Bxc8 26. Qd6 Qd1+ 27. Kg2 Qxb3 28. Qd8+ Nf8 29. Qxc8 Qb5 30. Qb8 h6 31. h4 Qb4 32.
h5 Kh7 33. Qe8 Kg8 34. Be3 Qc4 35. Nd4 Bb4 36. Nc6 Ba3 37. Ne7+ Bxe7 38. Qxe7 Qc6 39.
Bd4 Qd7 40. Qb4 Qc7 41. Bxb6 Qxe5 42. Bd4 Qe4+ 43. f3 Qe2+ 44. Bf2 Nd7 45. Qe7 Nf6 46. Qd8+ Kh7 47. Qf8 d4 48. Qxf7 d3 49. Qg6+ Kg8 50.
g4 d2 51. g5 d1=Q 52. gxf6 Qxf3+ 53. Kh2 Qdh1# 0-1

[Event "Late-Titled-Tuesday-Blitz-October-10-2023"]
[Site "Chess.com"]
[Date "2023.10.10"]
[Round "11"]
[White "jaskol95"]
[Black "GaiozNigalidze"]
[Result "1-0"]
[WhiteElo "2593"]
[BlackElo "2711"]
[TimeControl "180+1"]
[EndTime "16:00:17 PDT"]
[Termination "jaskol95 won by resignation"]

1. d4 Nf6 2. Nc3 c5 3. d5 d6 4. e4 g6 5. f4 Bg7 6. Nf3 Bg4 7. h3 Bxf3 8. Qxf3 O-O 9. Be2 a6 10. a4 Nbd7 11. O-O Ne8 12. Be3 Rb8 13. Rab1 Qa5 14. e5 dxe5 15. f5 Nd6 16. fxg6 hxg6 17. h4 Nf5 18. h5 Nxe3 19. Qxe3 e4 20. Qxe4 Nf6 21. Qh4 Qb4 22. Rf4 c4 23. hxg6 fxg6 24. Bxc4 Qc5+ 25. Kh1 b5 26. axb5 axb5 27. Bb3 Rbe8 28.
Rbf1 Nh7 29. d6+ e6 30. d7 Rd8 31. Rxf8+ Nxf8 32. Qxd8 Qh5+ 33. Kg1 Bd4+ 34. Rf2 Qf5 35.
Bxe6+ Qxe6 36. Qxf8+ 1-0

[Event "Late-Titled-Tuesday-Blitz-October-10-2023"]
[Site "Chess.com"]
[Date "2023.10.10"]
[Round "11"]
[White "greekplayer1"]
[Black "ContrVersia"]
[Result "0-1"]
[WhiteElo "2710"]
[BlackElo "2885"]
[TimeControl "180+1"]
[EndTime "16:00:18 PDT"]
[Termination "ContrVersia won on time"]

1. e4 c5 2. Nf3 a6 3. c3 d5 4. exd5 Qxd5 5. d4 Bg4 6. Be2 Nf6 7. h3 Bh5 8. O-O e6 9. Be3 cxd4 10. Nxd4 Bxe2 11.
Qxe2 Be7 12. Rd1 O-O 13. Nd2 Nc6 14. N2f3 Rac8 15. Nxc6 Qxc6 16. Bd4 Rfd8 17. Ne5 Qc7 18. Qf3 Rd5 19. Ng4 Nxg4 20. Qxg4 g6 21. Be3 Rcd8 22. Rxd5 Rxd5 23. Re1 b5 24. Bd4 Qc4 25. b3 Qd3 26.
Qf4 b4 27. Rc1 Bg5 28. Qb8+ Rd8 29. Qe5 Rxd4 30. Qxg5 bxc3 31. Qc5 Rd8 32. Rxc3 Qb1+ 33. Kh2 Qxa2 34. Qe7 Rf8 35. Qf6 Qd2 36. h4 h5 37. Rg3 Qd6 38. Kh3 Kh7 39. Rg5 Qd8 40. Qxd8 Rxd8 41. g3 Rd5 42. Rxd5 exd5 0-1

[Event "Late-Titled-Tuesday-Blitz-October-10-2023"]
[Site "Chess.com"]
[Date "2023.10.10"]
[Round "11"]
[White "aNaartjieZA"]
[Black "Dannyyi"]
[Result "0-1"]
[WhiteElo "2540"]
[BlackElo "2393"]
[TimeControl "180+1"]
[EndTime "16:00:18 PDT"]
[Termination "Dannyyi won by resignation"]

1. e4 c5 2. Nf3 Nc6 3. g3 g6 4. Bg2 Bg7 5. O-O e6 6. d3 Nge7 7. Re1 O-O 8. c3 d5 9. e5 Rb8 10. a4 a6 11. h4 b5 12. axb5 axb5 13. Bf4 b4 14. Nbd2 bxc3 15. bxc3 Bb7 16. Nb3 c4 17.
Nc5 cxd3 18. Qxd3 Bc8 19. Nd4 Qb6 20. Na4 Qc7 21. Nf3 Na5 22. Bf1 Nc4 23. Nd4 Bd7 24.
Bg5 Nc6 25. Qd1 N4xe5 26. Bf4 Rbc8 27. Nc5 Qd6 28. Nb7 Qc7 29. Nc5 Qd8 30. Nxc6 Nxc6 31. Bd6 Re8 32. Qb3 Ne7 33. Ra7 Bc6 34. Bf4 Nf5 35. Bd3 d4 36. Bxf5 exf5 37. Rxe8+ Qxe8 0-1

[Event "Late-Titled-Tuesday-Blitz-October-10-2023"]
[Site "Chess.com"]
[Date "2023.10.10"]
[Round "11"]
[White "Iball95"]
[Black "Fandorine"]
[Result "1-0"]
[WhiteElo "2858"]
[BlackElo "2917"]
[TimeControl "180+1"]
[EndTime "16:00:19 PDT"]
[Termination "Iball95 won by resignation"]

1. e4 g6 2. d4 Bg7 3. Nf3 d6 4. Nc3 Nf6 5. Be3 O-O 6. Qd2 e5 7. O-O-O exd4 8. Nxd4 Re8 9. f3 a6 10.
h4 h5 11. Bh6 Bh8 12. Bg5 Nc6 13. Nxc6 bxc6 14. Bc4 Be6 15. Bb3 Bxb3 16. axb3 Qd7 17. Kb1 a5 18. Rhe1 Nh7 19. Bf4 Qe7 20. g3 Bg7 21.
Bh6 Bh8 22. g4 hxg4 23. h5 g5 24. e5 Bxe5 25. Ne4 a4 26. Nxg5 axb3 27. Nxh7 Kxh7 28.
Bg5 Qe6 29. Qd3+ Kh8 30. cxb3 gxf3 31. Qxf3 f6 32. Rxe5 fxe5 33. Bf6+ Kh7 34. Qe4+ 1-0

[Event "Late-Titled-Tuesday-Blitz-October-10-2023"]
[Site "Chess.com"]
[Date "2023.10.10"]
[Round "11"]
[White "Elsa167"]
[Black "IlanSchnaider"]
[Result "0-1"]
[WhiteElo "2915"]
[BlackElo "2807"]
[TimeControl "180+1"]
[EndTime "16:00:19 PDT"]
[Termination "IlanSchnaider won by checkmate"]

1. d4 Nf6 2. c4 g6 3. Nc3 d5 4.
cxd5 Nxd5 5. e4 Nxc3 6. bxc3 Bg7 7. Bc4 c5 8. Ne2 O-O 9. Be3 Nc6 10. h4 cxd4 11.
cxd4 Na5 12. Bb3 Nxb3 13. axb3 h5 14. Qd2 b6 15. Bh6 Bb7 16. Bxg7 Kxg7 17. Ng3 Qd7 18.
Nxh5+ gxh5 19. Qg5+ Kh7 20. Qxh5+ Kg8 21. Qg5+ Kh7 22.
Rh3 Bxe4 23. Rg3 Bg6 24. h5 Qe6+ 25. Re3 Be4 26. f3 Rg8 27. Qf4 Rxg2 28. Rxe4 Qxb3 29. Qf5+ Kh8 30. Qe5+ f6 31. Qxe7 Qc3+ 32. Kd1 Qd2# 0-1

[Event "Late-Titled-Tuesday-Blitz-October-10-2023"]
[Site "Chess.com"]
[Date "2023.10.10"]
[Round "11"]
[White "AlivodicDario"]
[Black "chosenpr"]
[Result "1-0"]
[WhiteElo "2450"]
[BlackElo "2277"]
[TimeControl "180+1"]
[EndTime "16:00:19 PDT"]
[Termination "AlivodicDario won by checkmate"]

1. d4 Nf6 2. c4 e6 3. Nc3 Bb4 4.
f3 d5 5. a3 Bxc3+ 6. bxc3 c5 7.
cxd5 cxd4 8. dxe6 dxc3 9. exf7+ Kxf7 10. Qb3+ Qd5 11. Qxd5+ Nxd5 12. e4 Nb6 13. Be3 Be6 14. Ne2 Nc4 15. Bd4 c2 16. Nf4 b5 17. Nxe6 Kxe6 18.
Bxc4+ bxc4 19. Rc1 Nc6 20. Bxg7 Rhg8 21. Rxc2 Rxg7 22. Rxc4 Ne5 23. Rc2 Nd3+ 24. Kd2 Rd8 25. Ke3 Ne5 26. Rb1 Rd3+ 27. Kf2 Rxa3 28. Rb8 Nd3+ 29. Kf1 Ra1+ 30. Ke2 Nf4+ 31. Ke3 Nxg2+ 32. Kf2 Nf4 33. Rc6+ Ke5 34. Re8+ Ne6 35. Rexe6+ Kd4 36. Red6+ Ke5 37. Rd5+ Kf4 38. Rf5# 1-0

[Event "Late-Titled-Tuesday-Blitz-October-10-2023"]
[Site "Chess.com"]
[Date "2023.10.10"]
[Round "11"]
[White "rickywsb"]
[Black "cande_francisco"]
[Result "1-0"]
[WhiteElo "2391"]
[BlackElo "2516"]
[TimeControl "180+1"]
[EndTime "16:00:20 PDT"]
[Termination "rickywsb won by resignation"]

1. d4 Nf6 2. Bf4 d5 3. e3 c5 4.
c3 Nc6 5. Nd2 e6 6. Ngf3 Bd6 7. Bg3 O-O 8. Bd3 Re8 9. Ne5 Qc7 10.
f4 Rb8 11. Bh4 Bxe5 12. fxe5 Nd7 13. O-O Nf8 14. Nf3 h6 15. Bg3 c4 16. Bc2 b5 17. a3 a5 18. Nh4 b4 19. axb4 axb4 20. Qg4 b3 21. Bb1 Bb7 22. Bf4 Kh8 23. Qh5 Re7 24. Rf3 Nh7 25. Bxh6 gxh6 26. Qxh6 f5 27. exf6 Rf7 28. Rg3 Rxf6 29. Ng6+ Rxg6 30. Bxg6 Qg7 31. Qh5 Ne7 32. Bxh7 Qxh7 33. Qe5+ 1-0

[Event "Late-Titled-Tuesday-Blitz-October-10-2023"]
[Site "Chess.com"]
[Date "2023.10.10"]
[Round "11"]
[White "TanitoluwaAps116"]
[Black "Eloist"]
[Result "1-0"]
[WhiteElo "2666"]
[BlackElo "2441"]
[TimeControl "180+1"]
[EndTime "16:00:22 PDT"]
[Termination "TanitoluwaAps116 won by resignation"]

1. e4 e6 2. d4 d5 3. exd5 exd5 4. Nf3 Bf5 5. Bd3 Bxd3 6. Qxd3 Nc6 7. O-O Bd6 8. c4 dxc4 9. Qxc4 Nge7 10. Nc3 O-O 11.
Re1 Qd7 12. Bg5 Nf5 13. Rad1 Rfe8 14. Ne5 Qe6 15. Qxe6 Rxe6 16. Nxc6 Rxe1+ 17. Rxe1 bxc6 18. Be3 Re8 19. Re2 Nxe3 20. Rxe3 Rb8 21. b3 c5 22.
dxc5 Bxc5 23. Rd3 Kf8 24. Kf1 Ke8 25. Ke2 Rd8 26. f4 Rxd3 27. Kxd3 Kd7 28. h3 Ke6 29. g4 f5 30. Kc4 Bd6 31. Ne2 fxg4 32. hxg4 g6 33. Kd3 h5 34. f5+ gxf5 35. Nd4+ Kf6 36. gxh5 Kg5 37. h6 f4 38. h7 Be5 39.
Nf3+ Kg6 40. Nxe5+ Kxh7 41. Ke4 Kg7 42. Kxf4 Kf6 43. Ke4 Ke6 44. Kd4 Kd6 45. Nc4+ Kc6 46.
a4 a6 47. b4 Kb7 48. Kc5 1-0

[Event "Late-Titled-Tuesday-Blitz-October-10-2023"]
[Site "Chess.com"]
[Date "2023.10.10"]
[Round "11"]
[White "cthulhuuu"]
[Black "tylityli"]
[Result "0-1"]
[WhiteElo "2447"]
[BlackElo "2354"]
[TimeControl "180+1"]
[EndTime "16:00:23 PDT"]
[Termination "tylityli won by resignation"]

1. e4 e5 2. Nf3 Nc6 3. Bb5 a6 4.
Bxc6 dxc6 5. O-O Ne7 6. Nxe5 Qd4 7. Qh5 g6 8. Nf3 Qxe4 9. Nc3 Qf5 10. Qh4 Be6 11. Nd4 Qe5 12. Nxe6 Qxe6 13. d4 O-O-O 14. Bg5 Nf5 15. Qh3 f6 16. Rfe1 Qf7 17. Be3 Kb8 18.
Rad1 h5 19. Qf3 Bd6 20. Ne4 Rhe8 21. b3 Nh4 22. Nxd6 cxd6 23. Qh3 g5 24. f4 Qg6 25. Bf2 Nf5 26. fxg5 fxg5 27. c4 g4 28. Qd3 Qg5 29.
d5 c5 30. b4 h4 31. bxc5 g3 32. Bd4 gxh2+ 33. Kxh2 Nxd4 34. Qxd4 Rxe1 35. Rxe1 Qg3+ 36. Kg1 Qxe1+ 37. Kh2 Qg3+ 38. Kg1 Re8 0-1

[Event "Late-Titled-Tuesday-Blitz-October-10-2023"]
[Site "Chess.com"]
[Date "2023.10.10"]
[Round "11"]
[White "BogdanDeac"]
[Black "sergoy"]
[Result "1-0"]
[WhiteElo "3014"]
[BlackElo "2966"]
[TimeControl "180+1"]
[EndTime "16:00:27 PDT"]
[Termination "BogdanDeac won by resignation"]

1. e4 c5 2. Nf3 d6 3. d4 cxd4 4. Nxd4 Nf6 5. Nc3 a6 6. Bg5 e6 7. f4 h6 8. Bh4 Nbd7 9. Qe2 Qc7 10. O-O-O Be7 11. g4 b5 12. a3 Rb8 13. Be1 g5 14. f5 Ne5 15. h4 Nfxg4 16. Bh3 h5 17. hxg5 Bxg5+ 18. Kb1 Bd7 19. Bxg4 Nxg4 20. Rxh5 Rxh5 21.
Qxg4 Rh8 22. Qxg5 b4 23. axb4 Rxb4 24. Bh4 Rxh4 25. Qg8+ Ke7 26. f6+ Kxf6 27. Rf1+ Rf4 28. Rxf4+ Ke5 29. Nde2 d5 30. Qg7+ Kd6 31. Qf8+ Ke5 32.
Qxb4 1-0

[Event "Late-Titled-Tuesday-Blitz-October-10-2023"]
[Site "Chess.com"]
[Date "2023.10.10"]
[Round "11"]
[White "Smiechu"]
[Black "MaxLeto"]
[Result "0-1"]
[WhiteElo "2501"]
[BlackElo "2498"]
[TimeControl "180+1"]
[EndTime "16:00:27 PDT"]
[Termination "MaxLeto won by checkmate"]

1. e4 c5 2. Nf3 d6 3. d4 cxd4 4. Nxd4 Nf6 5. Nc3 a6 6. Be3 Ng4 7. Bc1 Nf6 8. Nb3 e6 9. g4 Be7 10. g5 Nfd7 11. h4 b5 12. Be3 Bb7 13. Bg2 Ne5 14. Qe2 Nc4 15. O-O-O Nd7 16. f4 Qc7 17. f5 Nxe3 18. Qxe3 Ne5 19. fxe6 fxe6 20. Bh3 Nc4 21.
Qe2 e5 22. Nd5 Bxd5 23. Rxd5 O-O 24. Rdd1 Rf4 25. Nd2 Raf8 26. Nxc4 bxc4 27. Be6+ Kh8 28. Rhf1 c3 29. Rxf4 Rxf4 30. Rf1 Rxh4 31. Qxa6 Bxg5+ 32. Kb1 Rf4 33. Rg1 h6 34. Qe2 Qb7 35. Bb3 Rxe4 36.
Qf2 Rf4 37. Qe2 cxb2 38. a4 Bf6 39. Qg2 Qxg2 40. Rxg2 e4 41. a5 Rf1+ 42. Ka2 Ra1# 0-1

[Event "Late-Titled-Tuesday-Blitz-October-10-2023"]
[Site "Chess.com"]
[Date "2023.10.10"]
[Round "11"]
[White "mishanick"]
[Black "Cayse"]
[Result "1-0"]
[WhiteElo "3091"]
[BlackElo "2889"]
[TimeControl "180+1"]
[EndTime "16:00:29 PDT"]
[Termination "mishanick won on time"]

1. d4 d5 2. c4 e6 3. Nc3 Nf6 4.
Nf3 Nbd7 5. cxd5 exd5 6. Bg5 Bb4 7. e3 c5 8. Bd3 Qa5 9. O-O c4 10. Bf5 O-O 11. Qc2 Re8 12. Rfb1 g6 13. Bh3 Kg7 14.
Nd2 h6 15. Bf4 Nh5 16. Bxd7 Bxd7 17. Be5+ f6 18. Bg3 Bf5 19. e4 dxe4 20. Nxc4 Qa6 21. Ne3 Rac8 22. Qb3 Bf8 23. Nxf5+ gxf5 24. Nd5 Red8 25.
Ne3 Kg6 26. Rc1 Bg7 27. Rxc8 Rxc8 28. Qd5 Nxg3 29. hxg3 Qc6 30. Qxf5+ Kf7 31. d5 Qc5 32. Qe6+ Kf8 33. Qxe4 Re8 34. Qd3 f5 35. Nxf5 Bxb2 36. Rb1 Bf6 37. d6 b6 38. d7 Rd8 39. Re1 Qc6 40. Rd1 Qe6 41. a4 h5 42. Ne3 1-0

[Event "Late-Titled-Tuesday-Blitz-October-10-2023"]
[Site "Chess.com"]
[Date "2023.10.10"]
[Round "11"]
[White "filipluczak05"]
[Black "jcibarra"]
[Result "0-1"]
[WhiteElo "2624"]
[BlackElo "2872"]
[TimeControl "180+1"]
[EndTime "16:00:29 PDT"]
[Termination "jcibarra won by resignation"]

1. d4 Nf6 2. Nc3 d5 3. Bf4 c5 4. e3 cxd4 5. exd4 Bg4 6. f3 Bd7 7. Qd2 Nc6 8. Nge2 Rc8 9. a3 e6 10. h4 Na5 11. b3 h5 12. g3 b5 13. Kf2 Qb6 14. Kg2 b4 15. Nb1 Be7 16. axb4 Bxb4 17. Qd1 O-O 18. c3 Be7 19. b4 Nc4 20. Nd2 Bb5 21.
Nxc4 Bxc4 22. Qd2 Rc6 23. Kh3 Rfc8 24. Ra3 Bb5 25. g4 hxg4+ 26. fxg4 Ne4 27. Qe3 Bxe2 28. Qxe2 Rxc3+ 29. Rxc3 Rxc3+ 30. Kh2 Bxh4 31. Kg2 Bg3 32. Be3 Qc7 33. g5 Rc2 34. g6 Rxe2+ 35. Bxe2 fxg6 36. Bg4 Qc2+ 37. Kf3 Kf7 38. Ra1 Bb8 39. Ra6 Nd6 40.
Ra1 Qe4+ 0-1

[Event "Late-Titled-Tuesday-Blitz-October-10-2023"]
[Site "Chess.com"]
[Date "2023.10.10"]
[Round "11"]
[White "NateSolon"]
[Black "ameetghasi100"]
[Result "0-1"]
[WhiteElo "2589"]
[BlackElo "2734"]
[TimeControl "180+1"]
[EndTime "16:00:29 PDT"]
[Termination "ameetghasi100 won by resignation"]

1. d4 g6 2. e4 d6 3. Nf3 Bg7 4. Bc4 Nf6 5. Qe2 O-O 6. O-O Nc6 7. e5 Ne8 8. h3 a6 9. a4 dxe5 10. dxe5 Nd4 11. Nxd4 Qxd4 12. e6 f5 13. Nd2 Nd6 14. Bb3 b6 15. Nf3 Qc5 16. Be3 Qb4 17. Bd2 Qe4 18.
Qxe4 fxe4 19. Ng5 Bxb2 20. Rab1 Bd4 21. Bd5 Rb8 22. Rbe1 Rf5 23. Bxe4 Nxe4 24. Rxe4 Bf6 25. h4 Bb7 26. Rc4 c5 27. Be3 Bd5 28. Rf4 Rc8 29. Rxf5 gxf5 30. Rb1 Rc6 31. f3 Bxe6 32. a5 bxa5 33.
Nxe6 Rxe6 34. Bxc5 Rc6 35. Be3 Rxc2 36. Rb6 Re2 37.
Bf4 Bd4+ 0-1

[Event "Late-Titled-Tuesday-Blitz-October-10-2023"]
[Site "Chess.com"]
[Date "2023.10.10"]
[Round "11"]
[White "UK_23"]
[Black "Zq1"]
[Result "1-0"]
[WhiteElo "2421"]
[BlackElo "2545"]
[TimeControl "180+1"]
[EndTime "16:00:30 PDT"]
[Termination "UK_23 won by resignation"]

1. e4 c5 2. Nf3 d6 3. Bb5+ Bd7 4. Bxd7+ Qxd7 5. c4 Nc6 6. O-O Nf6 7. Nc3 e6 8. d4 cxd4 9. Nxd4 Be7 10. b3 O-O 11.
Bb2 Rfd8 12. Rc1 Nxd4 13. Qxd4 b6 14. Qd3 Qb7 15. f4 a6 16. f5 b5 17. fxe6 fxe6 18. Qh3 Qd7 19. Rcd1 bxc4 20. bxc4 e5 21. Qxd7 Rxd7 22. Nd5 Nxd5 23. cxd5 Rb7 24. Ba3 Rc8 25. Rc1 Rxc1 26. Rxc1 Rb5 27. Rc6 Bg5 28. Bxd6 Rb2 29. Rxa6 Be3+ 30. Kf1 Bd4 31. a4 Rf2+ 32. Ke1 Rxg2 33.
Ra8+ Kf7 34. a5 Rxh2 35. a6 Ra2 36. Rf8+ Kg6 37. Re8 h5 38. Bxe5 Bxe5 39. Rxe5 h4 40. Kf1 h3 41. Kg1 Rg2+ 42. Kh1 Ra2 43. d6 1-0

[Event "Late-Titled-Tuesday-Blitz-October-10-2023"]
[Site "Chess.com"]
[Date "2023.10.10"]
[Round "11"]
[White "tptagain"]
[Black "rasmussvane"]
[Result "1-0"]
[WhiteElo "2899"]
[BlackElo "2997"]
[TimeControl "180+1"]
[EndTime "16:00:32 PDT"]
[Termination "tptagain won by resignation"]

1. b3 d5 2. Bb2 Bf5 3. e3 h6 4.
g4 Be4 5. f3 Bh7 6. Bg2 c5 7. f4 Nc6 8. Nf3 e6 9. O-O Nf6 10. Ne5 Bd6 11. Nxc6 bxc6 12. d3 Qc7 13. Qe2 e5 14. g5 hxg5 15. fxg5 Nd7 16. e4 d4 17. Qh5 Nf8 18. Nd2 Ng6 19. Nc4 O-O 20.
Rae1 Nf4 21. Qg4 Bg6 22. Bc1 Bh5 23. Qh4 g6 24. Bxf4 exf4 25. Nxd6 Qxd6 26. Qxf4 Qxf4 27. Rxf4 a5 28. a4 Rad8 29. Bf1 Rfe8 30. Kg2 Kg7 31. h4 Re6 32. Kg3 f6 33. Bh3 Red6 34. Ref1 fxg5 35.
hxg5 c4 36. bxc4 Rb8 37. Rf7+ Kg8 38. c5 Rdd8 39. Be6 Kh8 40. Rc7 Rb2 41. Rff7 1-0

[Event "Late-Titled-Tuesday-Blitz-October-10-2023"]
[Site "Chess.com"]
[Date "2023.10.10"]
[Round "11"]
[White "Hirna2005"]
[Black "Cheer_Down"]
[Result "0-1"]
[WhiteElo "2297"]
[BlackElo "2459"]
[TimeControl "180+1"]
[EndTime "16:00:32 PDT"]
[Termination "Cheer_Down won by resignation"]

1. e4 c5 2. c3 Nf6 3. e5 Nd5 4. Nf3 Nc6 5. Bc4 Nb6 6. Bb3 d5 7. exd6 Qxd6 8. O-O Be6 9. Re1 Bxb3 10. axb3 e6 11. Qe2 Be7 12. Na3 a6 13. Nc4 Nxc4 14. bxc4 O-O 15. Ne5 Nxe5 16. Qxe5 Qxe5 17. Rxe5 Rad8 18.
Kf1 Rd7 19. Ke2 Rfd8 20. f4 Bd6 21. Re4 f5 22. Rxe6 Kf7 23. Re3 Bxf4 24. Rf3 Bxd2 25.
Rxf5+ Kg6 26. Rxc5 Re8+ 27. Kf3 Rd3+ 28. Kf2 Be1+ 29.
Kf1 Rd1 30. g3 Bd2+ 31. Kg2 Re2+ 32. Kh3 Rxc1 33. Ra4 Rh1 34. Kg4 Rhxh2 35. Rc7 Ref2 36. Rc5 h5+ 37. Rxh5 Rxh5 38. c5 Rxc5 39. Re4 b5 40.
Re6+ Rf6 41. Re2 Bc1 42. Rc2 Bh6 43. Re2 Rg5+ 44. Kh3 Rf3 45. Re6+ Kf7 46. Rxa6 Rgxg3+ 47. Kh2 Bf4 48. Ra7+ Kg8 49. Kh1 Rf2 50. c4 Re3 51. Ra8+ Kh7 52. Ra1 Rh2+ 53. Kg1 Rg3+ 54. Kf1 Rh1+ 0-1

[Event "Late-Titled-Tuesday-Blitz-October-10-2023"]
[Site "Chess.com"]
[Date "2023.10.10"]
[Round "11"]
[White "K_alena13"]
[Black "AleksandrAleksikov"]
[Result "1-0"]
[WhiteElo "2173"]
[BlackElo "2252"]
[TimeControl "180+1"]
[EndTime "16:00:33 PDT"]
[Termination "K_alena13 won on time"]

1. Nf3 c5 2. c4 Nc6 3. Nc3 g6 4. e3 Bg7 5. d4 cxd4 6. exd4 d6 7. Be2 Nh6 8. O-O Nf5 9. d5 Ncd4 10. Nxd4 Nxd4 11.
Re1 O-O 12. Bf1 Re8 13. Bg5 h6 14. Bf4 Bf5 15. Rc1 Rc8 16. Be3 e5 17. dxe6 Rxe6 18.
Nd5 Nc6 19. Qd2 Kh7 20. b3 b6 21. Rcd1 Ne5 22. Nf4 Rf6 23. Bd4 Qe8 24. Nd5 Re6 25.
Ne3 Be4 26. Bxe5 dxe5 27. f3 Bc6 28. Bd3 e4 29. fxe4 Bxe4 30. Bxe4 Rxe4 31. Nd5 Rc6 32. Rxe4 Qxe4 33. Re1 1-0

[Event "Late-Titled-Tuesday-Blitz-October-10-2023"]
[Site "Chess.com"]
[Date "2023.10.10"]
[Round "11"]
[White "micke12a"]
[Black "DIMONBANAN"]
[Result "1-0"]
[WhiteElo "2379"]
[BlackElo "2488"]
[TimeControl "180+1"]
[EndTime "16:00:38 PDT"]
[Termination "micke12a won by resignation"]

1. d4 d5 2. Nc3 Nf6 3. Bf4 c5 4. e4 Nxe4 5. Nxe4 dxe4 6. dxc5 Qa5+ 7. c3 Qxc5 8. Qa4+ Nc6 9. Qxe4 Bf5 10. Qe3 Qxe3+ 11.
Bxe3 O-O-O 12. Nf3 e6 13. Bb5 a6 14. Bxc6 bxc6 15.
Ne5 Rd5 16. Nxf7 Rg8 17. Ng5 h6 18. Nf3 Bd3 19. Rd1 Bd6 20. Nd4 Be4 21. f3 Bf5 22. Nxf5 exf5 23. Rxd5 cxd5 24. Kf2 Kc7 25. Rd1 Kc6 26. Bd4 Bxh2 27. g3 f4 28. g4 Bg3+ 29.
Kg2 Re8 30. Rd2 g6 31. Bg7 h5 32. gxh5 gxh5 33. Bd4 h4 34. Bf2 Rg8 35. Kh3 a5 36. Re2 Kb5 37. Rd2 Bxf2 38. Rxf2 Kc4 39. Kxh4 Kd3 40.
Kh5 Ke3 41. Rf1 Rg2 42. b3 Rf2 43. Rxf2 Kxf2 44. c4 dxc4 45. bxc4 Kxf3 46. c5 Ke4 47. c6 f3 48. c7 f2 49. c8=Q f1=Q 50. Qa8+ Kd4 51.
Qxa5 Qh3+ 52. Kg5 Qg3+ 53. Kf5 Qf3+ 54. Ke6 Qc6+ 55. Ke7 Qc5+ 56. Qxc5+ Kxc5 57. Kd7 Kb4 58. a4 Ka3 59. a5 Ka4 60. a6 Ka5 61. a7 Kb6 62.
a8=Q 1-0